 Dungeon Crawl Stone Soup version 0.31-a0-1612-g4aaf141004 (webtiles) character file.

Game seed: 10419309345985837555

2 Jannitor the Conjurer (level 1, 0/17 HPs)
             Began as a Draconian Reaver on Jan 9, 2024.
             Slain by a kobold
             ... wielding a +0 dagger
              (3 damage)
             ... on level 1 of the Dungeon.
             The game lasted 00:00:06 (25 turns).

Jannitor the Conjurer (Draconian Reaver)              Turns: 25, Time: 00:00:06

Health: 0/17       AC:  4    Str: 14    XL:     1   Next: 33%
Magic:  3/3        EV: 12    Int: 13    God:
Gold:   0          SH:  0    Dex:  9    Spells: 3/4 levels left

rFire   . . .        a - +0 falchion
rCold   . . .        (no shield)
rNeg    . . .        (body armour unavailable)
rPois   .            (helmet restricted)
rElec   .            (no cloak)
rCorr   .            (no gloves)
SInv    .            (no boots)
Will    .....        (no amulet)
Stlth   +            (no ring)
HPRegen 0.22/turn    (no ring)
MPRegen 0.08/turn

%: no passive effects
@: no status effects
A: AC +4, unfitting armour, cold-blooded
a: no special abilities


You were on level 1 of the Dungeon.
You visited 1 branch of the dungeon, and saw 1 of its levels.

Inventory:

Hand Weapons
 a - a +0 falchion (weapon)
Scrolls
 b - a scroll of identify {unknown}


   Skills:
 + Level 2.2 Fighting
 + Level 3.0 Long Blades
 + Level 1.8 Dodging
 + Level 2.0 Spellcasting
 + Level 3.0 Conjurations


You had 3 spell levels left.
You knew the following spells:

 Your Spells              Type           Power      Damage    Failure   Level
a - Kiss of Death         Conj/Necr      20%        2d7       14%         1

Your spell library contained the following spells:

 Spells                   Type           Power      Damage    Failure   Level
 Momentum Strike          Conj/Tloc      10%        3d8       21%         2
 Hailstorm                Conj/Ice       5%         3d5       38%         3


Dungeon Overview and Level Annotations

Branches:
Dungeon (1/15)

Altars:


Innate Abilities, Weirdness & Mutations

Your plain brown scales are hard. (AC +4)
You cannot fit into any form of body armour.
You are cold-blooded and may be slowed by cold attacks.


Message History

A rat comes into view.
You barely miss the ball python.
The rat squeaks loudly.
You tail-slap the ball python.
The ball python is heavily wounded.
The ball python bites you. The ball python closely misses you.
The kobold hits you but does no damage. The ball python barely misses you.
The ball python grabs you. The ball python constricts you.
You hit the ball python.
You kill the ball python!
The kobold hits you but does no damage.
You closely miss the kobold. The kobold hits you with a +0 dagger.
You are too injured to fight recklessly!
You are too injured to fight recklessly!
You are too injured to fight recklessly!
You barely miss the kobold. The kobold barely misses you.
You closely miss the kobold. The kobold misses you. The rat barely misses you.
The rat bites you. The kobold closely misses you.
You barely miss the kobold. The kobold barely misses you. The rat misses you.
You hit the kobold.
Your tail-slap misses the kobold.
The kobold is moderately wounded.
The rat barely misses you. The kobold hits you with a +0 dagger.
You closely miss the kobold.
The kobold is moderately wounded.
The kobold barely misses you. The rat bites you but does no damage.
You closely miss the kobold.
The kobold is moderately wounded.
The kobold closely misses you. The rat bites you.
You barely miss the kobold.
You tail-slap the kobold, but do no damage.
The kobold is moderately wounded.
The kobold hits you with a +0 dagger. The rat bites you but does no damage.
You hit the kobold.
The kobold is severely wounded.
The kobold hits you with a +0 dagger.
* * * LOW HITPOINT WARNING * * *
The rat bites you.
* * * LOW HITPOINT WARNING * * *
The rat closely misses you. The kobold hits you with a +0 dagger.
You die...

.# ## #.# .# .# #.#
.###. #.# .#... #.#
##.#..# #.####..#..# ###
#..#...###.#...# .
#.)#.#....<....#
....###@...#...#.###...#
......rK########..# #
........# #..# ........#
...# ........# .###
##......# . #......# ##
#......# ##......


You could see a kobold and a rat.

Vanquished Creatures
  A ball python (D:1)
  An endoplasm (D:1)
2 creatures vanquished.

Notes
Turn   | Place    | Note
-------+----------+-------------------------------------------
     0 | D:1      | Jannitor the Draconian Reaver began the quest for the Orb.
     0 | D:1      | Reached XP level 1. HP: 17/17 MP: 3/3
    25 | D:1      | Slain by a kobold

Illustrated notes

Levels and vault maps discovered:
D:1:      psy_arrival_radial01, layout_basic

Action                     || total
---------------------------++-------
  Melee: Falchion          ||    13
         Tailslap          ||     2
 Armour: Skin              ||    14
  Dodge: Dodged            ||    13

Table legend: (Time is in decaauts)
 A = Elapsed time spent in this place.
 B = Non-inter-level travel time spent in this place.
 C = Inter-level travel time spent in this place.
 D = Time resting spent in this place.
 E = Time spent auto-exploring this place.
 F = Levels seen in this place.
 G = Mean time per level.
                   A        B        C        D        E       F      G
               +--------+--------+--------+--------+--------+-----+--------+
         Total |     26 |     26 |      0 |      0 |      7 |   1 |   26.0 |
       Dungeon |     26 |     26 |      0 |      0 |      7 |   1 |   26.0 |
               +--------+--------+--------+--------+--------+-----+--------+

Top non-repeatable levels by time:
     D:1: 26 daAuts
